 Dungeon Crawl Stone Soup version 0.27.0-1-g7a089689b8 (webtiles) character file.

Game seed: 16944256091725425280

107614 lmSkywalker the Black Belt (level 15, -2/154 HPs)
             Began as a Troll Monk on Aug 9, 2021.
             Was the Champion of Jiyva.
             Slain by a dire elephant simulacrum (19 damage)
             ... in an ice cave on Aug 10, 2021.
             The game lasted 01:40:36 (22911 turns).

lmSkywalker the Black Belt (Troll Monk)            Turns: 22911, Time: 01:40:36

Health: -2/154     AC: 14    Str:  9    XL:     15   Next: 64%
Magic:  18/18      EV: 25    Int: 14    God:    Jiyva [******]
Gold:   579        SH:  5    Dex: 31    Spells: 18/20 levels left

rFire    . . .     SeeInvis +     - Unarmed
rCold    + . .     Faith    .   (no shield)
rNeg     . . .     Spirit   .   h - +5 robe of Vexation {Archmagi}
rPois    .         Reflect  +   Y - +2 hat
rElec    .         Harm     .   l - scarf {+Inv}
rCorr    +         Rampage  .   (gloves unavailable)
Will     ++...     Archmagi +   (boots unavailable)
Stlth    +++.......             S - amulet of reflection
HPRegen  1.35/turn              k - ring of protection from cold
MPRegen  0.16/turn              a - ring "Otuomoaq" {Will+ Dex+6 SInv}

@: slowed, very slow
A: large, unfitting armour, claws 3, regeneration 1, shaggy fur 1, tough skin 1,
clever 1, gelatinous body 3, tendrils, engulf
}: 1/15 runes: slimy
a: Renounce Religion, Evoke Invisibility, Request Jelly, Slimify, Cure Bad
Mutation


You were in an ice cave.
You worshipped Jiyva.
Jiyva was exalted by your worship.
You visited 5 branches of the dungeon, and saw 29 of its levels.
You visited 1 bazaar.
You also visited: Ossuary and Ice Cave.

You collected 963 gold pieces.
You spent 384 gold pieces at shops.

Inventory:

Missiles
 E - 19 boomerangs (quivered)
 O - 15 large rocks
 W - 7 silver javelins
Armour
 h - the +5 robe of Vexation (worn) {Archmagi}
   (You found it on level 5 of the Pits of Slime)

   Archmagi:  It increases the power of your magical spells.
 i - a scarf of harm
 l - a scarf of invisibility (worn)
 Y - a +2 hat (worn)
Jewellery
 a - the ring "Otuomoaq" (right claw) {Will+ Dex+6 SInv}
   (You found it on level 1 of the Snake Pit)

   [ring of dexterity]

   Dex:       It affects your dexterity (+6).
   SInv:      It lets you see invisible.
   Will:      It increases your willpower.
 g - a ring of poison resistance
 k - a ring of protection from cold (left claw)
 C - a ring of willpower
 H - a ring of flight
 S - an amulet of reflection (around neck)
 X - a +4 ring of evasion
Wands
 n - a wand of flame (17)
 F - a wand of iceblast (3)
 G - a wand of acid (1)
 M - a wand of polymorph (7)
Scrolls
 b - a scroll of blinking
 d - a scroll of torment {unknown}
 e - 2 scrolls of fog
 j - a scroll of magic mapping
 m - 2 scrolls of fear
 q - a scroll of immolation
 u - a scroll of summoning {unknown}
 y - 5 scrolls of enchant weapon
 z - a scroll of silence
 A - 5 scrolls of teleportation
 I - 5 scrolls of amnesia
 J - 6 scrolls of noise
 L - a scroll of holy word {unknown}
 P - 2 scrolls of acquirement {unknown}
 V - a scroll of enchant armour {unknown}
 Z - a scroll of vulnerability {unknown}
Potions
 c - 5 potions of resistance
 f - 4 potions of lignification
 o - 3 potions of flight
 p - 2 potions of invisibility
 r - 2 potions of haste
 s - 2 potions of mutation
 t - 3 potions of magic
 v - 2 potions of might
 w - 3 potions of attraction
 x - a potion of heal wounds {unknown}
 B - 7 potions of curing
 D - a potion of ambrosia
 K - a potion of cancellation {unknown}
 U - 2 potions of brilliance


   Skills:
 - Level 11.6 Fighting
 + Level 6.7 Throwing
 + Level 12.1 Dodging
 - Level 1.0 Stealth
 - Level 16.1 Unarmed Combat
 - Level 3.1 Spellcasting
 + Level 7.0 Translocations


You had 18 spell levels left.
You knew the following spells:

 Your Spells              Type           Power      Damage    Failure   Level
a - Blink                 Tloc           N/A        N/A       1%          2

Your spell library contained the following spells:

 Spells                   Type           Power      Damage    Failure   Level
 Portal Projectile        Hex/Tloc       36%        N/A       16%         3
 Manifold Assault         Tloc           32%        N/A       32%         5
 Call Canine Familiar     Summ           3%         N/A       54%         3
 Ignite Poison            Fire/Tmut/Pois 3%         N/A       54%         3
 Mephitic Cloud           Conj/Pois/Air  3%         N/A       54%         3
 Leda's Liquefaction      Hex/Erth       1%         N/A       91%         4
 Bolt of Magma            Conj/Fire/Erth 1%         4d4       99%         5
 Storm Form               Tmut/Air       1%         N/A       100%        7


Dungeon Overview and Level Annotations

Branches:
Dungeon (15/15)            Temple (1/1) D:5            Lair (6/6) D:11
 Shoals (0/4) Lair:3        Snake (2/4) Lair:2        Slime (5/5) Lair:5
    Orc (0/2) D:12         Vaults (0/5) D:13        Ossuary (visited)
  IceCv (1/1)
 Depths: D:15

Altars:
Ashenzari
Cheibriados
Dithmenos
Elyvilon
Fedhas
Gozag
Hepliaklqana
Kikubaaqudgha
Makhleb
Nemelex Xobeh
Okawaru
Qazlal
Ru
Sif Muna
Trog
Uskayaw
Vehumet
Wu Jian
Xom
Yredelemnul
Zin
The Shining One
Jiyva

Shops:
D:9 *   D:14 (

Portals:
Trove: D:14 (give +3 shadow dragon scales)

Annotations:
D:13 exclusion: obsidian statue
Snake:2 Roxanne
Slime:5 Royal Jelly


Innate Abilities, Weirdness & Mutations

You are too large for most types of armour.
You have claws for hands.
Your natural rate of healing is unusually fast.
You are covered in fur. (AC +1)
You have tough skin. (AC +1)
Your mind is acute. (Int +2)
Your gelatinous body deflects attacks. (AC +3, EV +3)
You are covered in slimy tendrils that may disarm your opponents.
Your melee attacks may engulf your foes in ooze.


Message History

You scratch the dire elephant simulacrum but do no damage.
The dire elephant simulacrum completely misses you. x2
You mangle the dire elephant simulacrum!!
The dire elephant simulacrum is heavily damaged.
You scratch the dire elephant simulacrum.
The dire elephant simulacrum is heavily damaged.
The dire elephant simulacrum tramples you!!
The dire elephant simulacrum freezes you!
You resist.
The dire elephant simulacrum trunk-slaps you!
The dire elephant simulacrum freezes you!
You resist.
You are too injured to fight recklessly!
You are too injured to fight recklessly!
You scratch the dire elephant simulacrum but do no damage.
The dire elephant simulacrum is heavily damaged.
The dire elephant simulacrum misses you.
The dire elephant simulacrum closely misses you.
You claw the dire elephant simulacrum!
The dire elephant simulacrum is severely damaged.
You block the dire elephant simulacrum's attack.
The dire elephant simulacrum trunk-slaps you.
The dire elephant simulacrum freezes you!!
You resist.
You scratch the dire elephant simulacrum but do no damage.
The dire elephant simulacrum is severely damaged.
You block the dire elephant simulacrum's attack.
The dire elephant simulacrum trunk-slaps you but does no damage.
You scratch the dire elephant simulacrum.
The dire elephant simulacrum is almost destroyed.
The dire elephant simulacrum tramples you!!
* * * LOW HITPOINT WARNING * * *
The dire elephant simulacrum freezes you!
You resist.
* * * LOW HITPOINT WARNING * * *
The dire elephant simulacrum trunk-slaps you!
* * * LOW HITPOINT WARNING * * *
The dire elephant simulacrum freezes you!!
You resist.
You die...

#####
##@..##
##.Z∩..##
#.......#
#...∩...#
##.....##
##...##
#...#
...##
#...#


You could see a dire elephant simulacrum.

Vanquished Creatures
  Rupert (Lair:6)
  Kirke (D:12)
  Gastronok (Lair:3)
  The ghost of Strat the Severer, a journeyman DDGl of Makhleb (Snake:1)
  A nagaraja (Snake:2)
  Nessos (Lair:6)
  A naga warrior (Snake:2)
  Fannar (D:11)
  2 catoblepae
  Erica (D:11)
  5 anacondas
  3 hydras
  2 boulder beetles
  A death knight (D:11)
  2 dancing weapons (D:13)
  5 two-headed ogres
  2 centaur warriors
  A deep troll shaman (Lair:6)
  9 death yaks
  4 naga sharpshooters
  2 shock serpents (Snake:1)
  Sonja (D:11)
  A fire crab (Lair:6)
  A salamander mystic (Snake:1)
  5 naga ritualists
  A phantasmal warrior (D:13)
  A lindwurm (Lair:6)
  A deep elf pyromancer (D:14)
  An orc knight (D:11)
  3 cyclopes
  8 mana vipers (Snake:1)
  A manticore (D:13)
  2 salamanders (Snake:1)
  7 ugly things
  28 black mambas
  14 elephants
  3 torpor snails
  A guardian serpent (Snake:1)
  4 naga magi
  17 cane toads
  A gargoyle (D:10)
  5 komodo dragons
  Maggie (D:9)
  2 rime drakes (Lair:6)
  3 kobold demonologists
  2 freezing wraiths (IceCv)
  An anaconda simulacrum (IceCv)
  9 trolls
  3 polar bears
  4 blink frogs (Lair:2)
  A meliai zombie (D:10)
  6 dream sheep
  2 shadows
  A centaur simulacrum (D:15)
  6 hogs
  4 wyverns
  29 yaks
  A human (D:11)
  A vampire (D:14)
  2 steam dragons
  4 vampire mosquitoes
  8 basilisks
  A naga (shapeshifter) (D:13)
  2 acid dragons
  15 nagas
  9 water moccasins
  2 ice beasts
  9 orc warriors
  A hornet zombie (D:5)
  An ogre (D:6)
  A necrophage (D:8)
  16 wolves
  8 centaurs
  2 kobold brigands
  12 bullfrogs
  5 scorpions
  A wyvern zombie (D:8)
  A wyvern skeleton (D:7)
  2 water moccasin skeletons
  3 howler monkeys
  7 killer bees
  4 wights
  3 electric eels
  2 centaur zombies
  3 hounds
  2 human zombies (Ossuary)
  7 orc priests
  A centaur skeleton (D:7)
  2 gnoll shamans
  2 iguanas
  14 orc wizards
  6 hell rats (Lair:3)
  4 mummies (Ossuary)
  Robin (D:3)
  A hound skeleton (D:3)
  5 gnolls
  6 adders
  A shadow imp (D:8)
  2 white imps
  An ufetubus (D:4)
  A worm (D:3)
  3 dart slugs
  74 orcs
  9 ball pythons
  11 endoplasms
  6 giant cockroaches
  A gnoll zombie (Ossuary)
  15 goblins
  10 hobgoblins
  11 jackals
  17 kobolds
  7 quokkas
  4 bats
  3 hobgoblin zombies (Ossuary)
  A jackal skeleton (D:4)
  2 orc zombies (Ossuary)
  3 rats
586 creatures vanquished.

Vanquished Creatures (others)
  An acid blob (Lair:2)
  An azure jelly (Lair:6)
  2 centaur zombies
  2 elephants (Lair:5)
  A black mamba (Snake:1)
  A yaktaur (D:15)
  A troll (D:12)
  2 slime creatures
  5 dream sheep (D:10)
  2 yaks
  A wyvern (Lair:6)
  A vampire mosquito (D:12)
  A naga (Snake:1)
  3 water moccasins
  A black bear (D:7)
  6 wolves
  7 centaurs
  4 bullfrogs
  An electric eel (D:13)
  7 howler monkeys
  A bullfrog zombie (D:6)
  144 jellies
  2 orc priests
  An iguana (D:7)
  3 orc wizards (D:6)
  4 gnolls (D:6)
  4 endoplasms
  10 orcs
  A kobold (D:12)
  96 fungi
  144 plants
460 creatures vanquished.

Grand Total: 1046 creatures vanquished

Notes
Turn   | Place    | Note
-------+----------+-------------------------------------------
     0 | D:1      | lmSkywalker the Troll Monk began the quest for the Orb.
     0 | D:1      | Reached XP level 1. HP: 22/22 MP: 0/0
   218 | D:1      | Reached XP level 2. HP: 29/29 MP: 1/1
   370 | D:1      | Reached skill level 4 in Unarmed Combat
   447 | D:1      | Reached XP level 3. HP: 36/36 MP: 2/2
   940 | D:2      | Reached skill level 5 in Unarmed Combat
   940 | D:2      | Reached XP level 4. HP: 42/44 MP: 3/3
  1452 | D:3      | Found a faded altar of an unknown god.
  1491 | D:3      | Reached XP level 5. HP: 47/50 MP: 4/4
  1630 | D:3      | Noticed Robin
  1733 | D:3      | Killed Robin
  1734 | D:3      | Reached skill level 6 in Unarmed Combat
  2096 | D:4      | Found a sand-covered staircase.
  2104 | Ossuary  | Entered an ossuary
  2221 | Ossuary  | Reached XP level 6. HP: 52/59 MP: 5/5
  2334 | Ossuary  | Reached skill level 7 in Unarmed Combat
  3008 | D:4      | Noticed a water moccasin
  3015 | D:4      | Killed a water moccasin
  3058 | D:4      | Noticed a wyvern
  3066 | D:4      | Killed a wyvern
  3067 | D:4      | Reached XP level 7. HP: 58/67 MP: 6/6
  3122 | D:5      | Entered Level 5 of the Dungeon
  3173 | D:5      | Reached skill level 8 in Unarmed Combat
  3250 | D:5      | Found an opulent altar of Gozag.
  3483 | D:5      | Found a staircase to the Ecumenical Temple.
  3491 | Temple   | Entered the Ecumenical Temple
  3620 | Temple   | Became a worshipper of Jiyva Jaxtaek the Shapeless
  3620 | Temple   | Reached * piety under Jiyva
  3620 | Temple   | Reached ** piety under Jiyva
  3923 | D:5      | Reached skill level 1 in Throwing
  3923 | D:5      | Reached XP level 8. HP: 59/78 MP: 7/7
  4341 | D:6      | Reached skill level 9 in Unarmed Combat
  4520 | D:6      | Reached *** piety under Jiyva
  4557 | D:6      | Gained mutation: Your flesh is heat resistant. (rF+)
                  | [Jiyva's grace]
  4980 | D:7      | Found a radiant altar of Vehumet.
  5040 | D:7      | Found a sparkling altar of Nemelex Xobeh.
  5180 | D:7      | Reached XP level 9. HP: 69/85 MP: 8/8
  5410 | D:7      | Reached **** piety under Jiyva
  5469 | D:7      | Found an ancient bone altar of Kikubaaqudgha.
  5480 | D:7      | Reached skill level 10 in Unarmed Combat
  5577 | D:7      | Found a hazy altar of Hepliaklqana.
  5725 | D:8      | Found a shadowy altar of Dithmenos.
  5749 | D:8      | Reached skill level 5 in Dodging
  5883 | D:8      | Found a burning altar of Makhleb.
  5894 | D:8      | Reached skill level 5 in Fighting
  6401 | D:8      | You fall into a shaft and drop 2 floors!
  6401 | D:10     | Entered Level 10 of the Dungeon
  6455 | D:10     | Noticed a two-headed ogre
  6475 | D:10     | Killed a two-headed ogre
  6476 | D:10     | Reached skill level 11 in Unarmed Combat
  6512 | D:10     | Noticed a troll
  6512 | D:10     | Noticed a troll
  6528 | D:10     | Killed a troll
  6529 | D:10     | Reached XP level 10. HP: 85/98 MP: 9/9
  6583 | D:9      | Gained mutation: You have a somewhat thin skeletal
                  | structure. (Dex +2, Stealth+) [Jiyva's grace]
  6662 | D:9      | Found a glowing silver altar of Zin.
  6772 | D:8      | Found a basalt altar of Yredelemnul.
  6976 | D:8      | Found a stormy altar of Qazlal.
  6985 | D:8      | Found an iron altar of Okawaru.
  7179 | D:8      | Reached ***** piety under Jiyva
  7180 | D:8      | Gained mutation: Your rubbery body absorbs attacks. (AC +1,
                  | EV +1) [Jiyva's grace]
  7519 | D:9      | Found Qaquoteexe's Assorted Antiques.
  7748 | D:9      | Noticed a two-headed ogre
  7765 | D:9      | Slimified a two-headed ogre
  7765 | D:9      | a two-headed ogre changed into a slime creature
  7933 | D:9      | Gained mutation: You are partially covered in iridescent
                  | scales. (AC +2) [Jiyva's grace]
  7995 | D:9      | Noticed Maggie
  8008 | D:9      | Killed Maggie
  8755 | D:10     | Reached skill level 12 in Unarmed Combat
  8803 | D:10     | Lost mutation: You are partially covered in iridescent
                  | scales. (AC +2) [Jiyva's grace]
  8845 | D:10     | Found an ornate altar of the Wu Jian Council.
  8990 | D:10     | Noticed a gargoyle
  9005 | D:10     | Killed a gargoyle
  9155 | D:10     | Reached XP level 11. HP: 109/109 MP: 10/10
  9330 | D:10     | Found a shimmering altar of Xom.
  9426 | D:11     | Noticed an orc knight
  9503 | D:11     | Noticed Fannar
  9511 | D:11     | Killed Fannar
  9589 | D:11     | Gained mutation: You are covered in slimy tendrils that may
                  | disarm your opponents. [Jiyva's grace]
  9612 | D:11     | Reached skill level 13 in Unarmed Combat
  9639 | D:11     | Reached ****** piety under Jiyva
  9647 | D:11     | Found a staircase to the Lair.
  9647 | D:11     | Noticed a death yak
  9747 | D:11     | Noticed a death knight
  9761 | D:11     | Killed a death knight
  9876 | D:11     | Killed a death yak
  9896 | D:11     | Noticed Sonja
  9908 | D:11     | Killed Sonja
 10028 | D:11     | Noticed a boulder beetle
 10043 | D:11     | Killed a boulder beetle
 10140 | D:11     | Noticed a two-headed ogre
 10154 | D:11     | Killed a two-headed ogre
 10161 | D:11     | Killed an orc knight
 10162 | D:11     | Reached skill level 14 in Unarmed Combat
 10190 | D:11     | Noticed Erica
 10195 | D:11     | Killed Erica
 10704 | D:12     | Found a staircase to the Orcish Mines.
 10766 | D:12     | Noticed a two-headed ogre
 10780 | D:12     | Reached XP level 12. HP: 110/120 MP: 11/11
 10788 | D:12     | Slimified a two-headed ogre
 10788 | D:12     | Noticed an azure jelly
 10788 | D:12     | a two-headed ogre changed into an azure jelly
 10791 | D:12     | Gained mutation: You are strong-willed. (Will+) [Jiyva's
                  | grace]
 10908 | D:12     | Gained mutation: Your melee attacks may engulf your foes in
                  | ooze. [Jiyva's grace]
 11038 | D:12     | Noticed Kirke
 11087 | D:12     | Killed Kirke
 11395 | D:13     | Noticed a two-headed ogre
 11411 | D:13     | Killed a two-headed ogre
 11531 | D:13     | Noticed a centaur warrior
 11531 | D:13     | Noticed a boulder beetle
 11544 | D:13     | Killed a centaur warrior
 11648 | D:13     | Killed a boulder beetle
 11649 | D:13     | Reached skill level 15 in Unarmed Combat
 11699 | D:13     | Found a gate to the Vaults.
 11775 | D:13     | Noticed a catoblepas
 11802 | D:13     | Lost mutation: You are strong-willed. (Will+) [Jiyva's
                  | grace]
 11933 | D:13     | Noticed a two-headed ogre
 11940 | D:13     | Killed a two-headed ogre
 12105 | D:13     | Killed a catoblepas
 12269 | D:13     | Noticed a death knight
 12290 | D:13     | Noticed a two-headed ogre
 12298 | D:13     | Killed a two-headed ogre
 12482 | D:14     | Noticed a six-headed hydra
 12491 | D:14     | Slimified an eight-headed hydra
 12491 | D:14     | Noticed an acid blob
 12491 | D:14     | an eight-headed hydra changed into an acid blob
 12493 | D:14     | Found Zireick's Weapon Emporium.
 12532 | D:14     | You fall into a shaft and drop 1 floor!
 12532 | D:15     | Entered Level 15 of the Dungeon
 12541 | D:15     | Reached XP level 13. HP: 112/131 MP: 12/12
 12718 | D:14     | Noticed an azure jelly
 12718 | D:14     | a seven-headed hydra changed into an azure jelly
 12772 | D:14     | Lost mutation: Your flesh is heat resistant. (rF+) [Jiyva's
                  | grace]
 12848 | D:14     | Gained mutation: Your mind is acute. (Int +2) [Jiyva's
                  | grace]
 13076 | D:14     | Noticed an azure jelly
 13076 | D:14     | a seven-headed hydra changed into an azure jelly
 13083 | D:14     | Found a portal to a secret trove of treasure.
 13136 | D:15     | Noticed a fire dragon
 13144 | D:15     | Slimified a fire dragon
 13144 | D:15     | Noticed an acid blob
 13144 | D:15     | a fire dragon changed into an acid blob
 13296 | Lair:1   | Entered Level 1 of the Lair of Beasts
 13475 | Lair:1   | Reached skill level 16 in Unarmed Combat
 14166 | Lair:2   | Reached skill level 1 in Spellcasting
 14167 | Lair:2   | Reached skill level 10 in Dodging
 14205 | Lair:2   | Reached skill level 10 in Fighting
 14255 | Lair:2   | Noticed an acid blob
 14255 | Lair:2   | a seven-headed hydra changed into an acid blob
 14277 | Lair:2   | Killed an acid blob
 14353 | Lair:2   | Found a staircase to the Snake Pit.
 14433 | Lair:2   | Noticed an azure jelly
 14433 | Lair:2   | a five-headed hydra changed into an azure jelly
 14650 | Lair:3   | Noticed Gastronok
 14672 | Lair:3   | Killed Gastronok
 14704 | Lair:3   | Gained mutation: Your pliable body absorbs attacks. (AC +2,
                  | EV +2) [Jiyva's grace]
 15341 | Lair:3   | Found a staircase to the Shoals.
 15800 | Lair:4   | Gained mutation: You expend magic power (3 MP) to
                  | strengthen your wands. [Jiyva's grace]
 15928 | Lair:4   | Reached XP level 14. HP: 81/144 MP: 17/17
 16598 | Lair:5   | Learned a level 2 spell: Blink
 16738 | Lair:5   | You fall into a shaft and drop 1 floor!
 16738 | Lair:6   | Entered Level 6 of the Lair of Beasts
 16802 | Lair:6   | Noticed an azure jelly
 16802 | Lair:6   | a death yak changed into an azure jelly
 16802 | Lair:6   | Killed an azure jelly
 16803 | Lair:6   | Reached skill level 1 in Translocations
 17165 | Lair:5   | Found a staircase to the Slime Pits.
 17253 | Slime:1  | Entered Level 1 of the Pits of Slime
 17302 | Slime:2  | Noticed a quicksilver ooze
 17320 | Slime:2  | Noticed a quicksilver ooze
 17330 | Slime:2  | Noticed a quicksilver ooze
 17388 | Slime:2  | Noticed an azure jelly
 17417 | Slime:2  | Noticed an acid blob
 17477 | Slime:3  | Noticed an azure jelly
 17495 | Slime:3  | Noticed an acid blob
 17495 | Slime:3  | Noticed an acid blob
 17499 | Slime:3  | Found a viscous altar of Jiyva.
 17500 | Slime:3  | Noticed a quicksilver ooze
 17511 | Slime:5  | Entered Level 5 of the Pits of Slime
 17515 | Slime:5  | Gained mutation: Your body has grown golden eyes which may
                  | confuse attackers. (Acc +3) [Jiyva's grace]
 17517 | Slime:5  | Noticed a rockslime
 17517 | Slime:5  | Lost mutation: You expend magic power (3 MP) to strengthen
                  | your wands. [Jiyva's grace]
 17519 | Slime:5  | Gained mutation: Your gelatinous body deflects attacks. (AC
                  | +3, EV +3) [Jiyva's grace]
 17522 | Slime:5  | Lost mutation: Your body has grown golden eyes which may
                  | confuse attackers. (Acc +3) [Jiyva's grace]
 17528 | Slime:5  | Noticed an acid blob
 17531 | Slime:5  | Noticed a rockslime
 17544 | Slime:5  | Noticed an acid blob
 17544 | Slime:5  | Noticed a quicksilver ooze
 17545 | Slime:5  | Noticed a quicksilver ooze
 17545 | Slime:5  | Noticed a quicksilver ooze
 17546 | Slime:5  | Found a viscous altar of Jiyva.
 17546 | Slime:5  | Noticed an azure jelly
 17547 | Slime:5  | Noticed a rockslime
 17547 | Slime:5  | Noticed an acid blob
 17548 | Slime:5  | Noticed a rockslime
 17548 | Slime:5  | Noticed an acid blob
 17549 | Slime:5  | Found the +8 autumn katana {vorpal, Clar}
 17549 | Slime:5  | Noticed the Royal Jelly
 17556 | Slime:5  | Identified the +5 spear of Lime {pain, *Rage Fly Dex+10}
 17559 | Slime:5  | Got a slimy rune of Zot
 17562 | Slime:5  | Noticed an acid blob
 17569 | Slime:5  | Lost mutation: You have a somewhat thin skeletal structure.
                  | (Dex +2, Stealth+) [Jiyva's grace]
 17578 | Slime:5  | Identified the +5 robe of Vexation {Archmagi}
 17580 | Slime:5  | Identified the +7 glaive "Xokheibu" {vorpal, rElec Dex+3}
 17589 | Slime:5  | Identified the +5 scale mail of the Bard {+Inv}
 17642 | Slime:5  | Noticed an acid blob
 17674 | Slime:5  | Noticed an acid blob
 17738 | Slime:5  | Noticed an azure jelly
 17833 | Slime:5  | Noticed a rockslime
 17873 | Slime:4  | Noticed a rockslime
 17873 | Slime:4  | Noticed an acid blob
 17873 | Slime:4  | Noticed an acid blob
 17873 | Slime:4  | Noticed an azure jelly
 17911 | Slime:4  | Noticed an azure jelly
 17953 | Slime:4  | Noticed an acid blob
 18102 | Slime:1  | Noticed an acid blob
 18106 | Slime:1  | Noticed an azure jelly
 18117 | Slime:1  | Noticed an acid blob
 18231 | Slime:1  | Noticed an azure jelly
 18953 | Lair:6   | Gained mutation: Your translucent skin slightly reduces
                  | your foes' accuracy. (Stealth+) [Jiyva's grace]
 19121 | Lair:6   | Noticed an acid blob
 19121 | Lair:6   | an 11-headed hydra changed into an acid blob
 19286 | Lair:6   | Noticed Rupert
 19490 | Lair:6   | Paralysed by Rupert for 5 turns
 19654 | Lair:6   | Noticed Nessos
 19690 | Lair:6   | Paralysed by Rupert for 6 turns
 19709 | Lair:6   | Killed Rupert
 19720 | Lair:6   | Gained mutation: You are clumsy. (Dex -2) [Jiyva's grace]
 20052 | Lair:6   | Killed Nessos
 20309 | Snake:1  | Entered Level 1 of the Snake Pit
 20447 | Snake:1  | Reached skill level 5 in Translocations
 20454 | Snake:1  | Reached XP level 15. HP: 124/154 MP: 18/18
 21170 | Snake:1  | Reached skill level 5 in Throwing
 21270 | Snake:1  | Lost mutation: You are clumsy. (Dex -2) [Jiyva's grace]
 21931 | Snake:1  | Found a runed translucent door.
 21943 | Snake:1  | Noticed Strat's ghost (journeyman DDGl)
 22286 | Snake:1  | Killed Strat's ghost
 22293 | Snake:1  | Identified the ring "Otuomoaq" {Will+ Dex+6 SInv}
 22345 | Snake:2  | Identified Roxanne's Compendium of Transmutation
 22345 | Snake:2  | Noticed Roxanne
 22405 | Snake:2  | Noticed a nagaraja
 22418 | Snake:2  | Killed a nagaraja
 22496 | Snake:2  | Lost mutation: Your translucent skin slightly reduces your
                  | foes' accuracy. (Stealth+) [Jiyva's grace]
 22508 | Snake:2  | Found a flickering gateway to a bazaar.
 22519 | Bazaar   | Entered a bazaar
 22526 | Bazaar   | Found Ucuum's Book Shop.
 22540 | Bazaar   | Found Qatomabb's Antique Armour Boutique.
 22554 | Bazaar   | Found Kawachum's Antique Armour Shop.
 22568 | Bazaar   | Found Sahujo's Antique Armour Boutique.
 22582 | Bazaar   | Found Zeludaf's Book Shop.
 22596 | Bazaar   | Found Faefuqef's Antique Weapon Boutique.
 22610 | Bazaar   | Found Iditz's Antique Weapon Shop.
 22705 | Bazaar   | Bought a glowing scarf for 192 gold pieces
 22719 | Bazaar   | Bought an embroidered scarf for 192 gold pieces
 22873 | Snake:2  | Found a frozen archway.
 22885 | IceCv    | Entered an ice cave
 22911 | IceCv    | Slain by a dire elephant simulacrum

Illustrated notes

Levels and vault maps discovered:
D:1:      scummos_arrival_forest, layout_basic, serial_bayou_lagoon_a,
          minmay_tromino_v2
D:2:      layout_loops_cross
D:3:      layout_rooms, hellmonk_ecumenical_altar_dog_temple,
          grunt_decor_one_mirror, lemuel_another_geyser, uniq_robin
D:4:      layout_basic, chequers_ossuary_entry_cave, minmay_divided_ellipse
D:5:      layout_loops_ring, mainiacjoe_overflow_six_doors_small,
          minmay_temple_entry_mist
D:6:      layout_basic, wad_floor_pattern_1, dk_noncrumbling_2,
          grunt_ministairs_13
D:7:      layout_rooms, marbit_many_paths,
          mainiacjoe_overflow_concentric_impassable,
          lemuel_coloured_pillars_altar, mainiacjoe_overflow_brackets
D:8:      layout_loops_corners, nicolae_dithmenos_the_darkroom,
          mainiacjoe_overflow_small_starburst, lemuel_crystal_altar,
          mainiacjoe_overflow_swirl, special_room [special_room_orc],
          minmay_misc_feat_rugged
D:9:      layout_cave_pods, zin_academy, serial_shops, shop, serial_rivers,
          chequers_serial_rivers_room_a, chequers_serial_rivers_large_b,
          chequers_serial_rivers_micro_c, chequers_serial_rivers_micro_a,
          chequers_serial_rivers_small_3, chequers_serial_rivers_marsh,
          kennysheep_another_room, uniq_maggie
D:10:     minmay_s_stair_smasher, layout_long_grid,
          pdpol_wu_jian_five_deadly_venoms, kb_xom_exploding_sheep
D:11:     layout_stronghold, david_lair_generic, grunt_livestock,
          minmay_microvault, uniq_erica, uniq_fannar, uniq_sonja
D:12:     layout_roguey, hiddenorc2_lemuel, minmay_misc_feat_chi, uniq_kirke
D:13:     layout_loops_ring, erik_vaults_1, fungi_pond_lemuel,
          minmay_statue_bubble
D:14:     layout_stronghold, serial_shops, nicolae_shop_crystal, enter_trove_6,
          amcnicky_mini_pool_small, minmay_starry_boxes
D:15:     hangedman_depths_entry_try_elsewhere_first, layout_cave_pools,
          nicolae_wwwww, minmay_misc_feat_x
Temple:   pf_slime_end_temple
Lair:1:   layout_regular_city
Lair:2:   layout_cave_shapes, minmay_snake_entry_guardpost_medium,
          grunt_megastairs_3
Lair:3:   layout_small_grid, shoals_dummy_entry, serial_bayou,
          serial_bayou_crossing, serial_bayou_pond_d, serial_bayou_pond_b,
          serial_bayou_pond_e, serial_bayou_pond_b, serial_bayou_pond_c,
          lemuel_fruit_tree, uniq_gastronok
Lair:4:   layout_cellular_growth, serial_bayou_shore_a
Lair:5:   layout_cave_pods, nicolae_slime_entry_slimehenge,
          infiniplex_staircase_pool
Lair:6:   grunt_lair_end_beastmaster, layout_big_grid, grunt_megastairs_2,
          uniq_rupert, uniq_nessos
Snake:1:  layout_basic, ebering_ghost_reflecting_pool, grunt_ministairs_8,
          drop_trap, serial_bayou_shore_b, grunt_megastairs_4
Snake:2:  layout_onion, portal_ice_cave_entry_pillars_four, serial_shops,
          bzr_entry_road, uniq_roxanne, uniq_saint_roka
Slime:1:  layout_caves
Slime:2:  layout_caves
Slime:3:  layout_caves, basic_altar
Slime:4:  layout_caves
Slime:5
IceCv:    ice_cave_small_necro

Skill      XL: |  1  2  3  4  5  6  7  8  9 10 11 12 13 14 15 |
---------------+----------------------------------------------+-----
Unarmed Combat | 4 5 6 7 8 9 11 12 14 15 16 | 16.1
Fighting       | 3 4 5 7 8 9 10 11 | 11.6
Dodging        | 3 4 5 7 8 9 10 11 12 | 12.1
Throwing       | 1 2 3 6 |  6.7
Spellcasting   | 3 |  3.1
Translocations | 5 7 |  7.0
Stealth        | |  1.0

Action                   |  1- 3 |  4- 6 |  7- 9 | 10-12 | 13-15 || total
-------------------------+-------+-------+-------+-------+-------++-------
Melee: Unarmed           |    77 |   208 |   217 |   468 |  1111 ||  2081
       Punch             |     1 |     3 |    12 |    35 |   124 ||   175
Throw: Dart              |       |     4 |    40 |     5 |     2 ||    51
       Throwing net      |       |     3 |       |       |       ||     3
       Boomerang         |       |       |       |    65 |    69 ||   134
       Large rock        |       |       |       |     5 |     3 ||     8
Invok: Slimify           |       |       |       |     4 |     9 ||    13
       Request Jelly     |       |       |       |       |     1 ||     1
Evoke: Wand              |       |       |     3 |    19 |     5 ||    27
  Use: Scroll            |       |       |     7 |     5 |    13 ||    25
       Potion            |       |       |       |       |     3 ||     3
 Stab: Sleeping          |     2 |     4 |     2 |     4 |     8 ||    20
       Held in net/web   |       |     2 |       |       |       ||     2
       Paralysed         |       |       |     3 |       |       ||     3
       Distracted        |       |       |       |     1 |     2 ||     3
       Invisible         |       |       |       |       |     1 ||     1
Armor: Robe              |    23 |    64 |    23 |       |   149 ||   259
       Troll leather arm |       |       |       |    87 |    29 ||   116
Dodge: Dodged            |    31 |   103 |   122 |   266 |   886 ||  1408
Block: Other             |       |       |       |    26 |   215 ||   241
       Reflection        |       |       |       |     2 |     8 ||    10
